 Dungeon Crawl Stone Soup version 0.19.5 (webtiles) character file.

80 Aquagraph the Skirmisher (level 4, 0/40 HPs)
             Began as a Human Wanderer on Apr 24, 2017.
             Was a Follower of Zin.
             Slain by Natasha (3 damage)
             ... on level 3 of the Dungeon.
             The game lasted 00:15:32 (1131 turns).

Aquagraph the Skirmisher (Human Wanderer)           Turns: 1131, Time: 00:15:32

Health: 0/40       AC:  2    Str: 18    XL:     4   Next: 65%
Magic:  4/4        EV: 13    Int: 14    God:    Zin [*.....]
Gold:   8          SH:  3    Dex: 10    Spells: 0 memorised, 3 levels left

rFire  . . .     SeeInvis .     a - +3 quarterstaff
rCold  . . .     Gourm    .     d - +0 robe
rNeg   . . .     Faith    .     (shield currently unavailable)
rPois  .         Spirit   .     (no helmet)
rElec  .         Reflect  +     (no cloak)
rCorr  .         Harm     .     (no gloves)
MR     .....                    (no boots)
Stlth  ++........               w - +3 amulet of reflection
                                r - +2 ring of evasion
                                n - +4 ring of strength

@: lethally poisoned (0 -> -2)
A: no striking features
a: Recite, Donate Gold, Renounce Religion


You were on level 3 of the Dungeon.
You worshipped Zin.
Zin was aware of your devotion.
You were not hungry.

You visited 1 branch of the dungeon, and saw 3 of its levels.

You collected 118 gold pieces.
You spent 90 gold pieces at shops.
You donated 20 gold pieces to Zin.

Inventory:

Hand Weapons
 a - a +3 quarterstaff (weapon)
 k - a cursed -3 whip
 q - a +0 hand axe
 s - a +0 hunting sling
Missiles
 e - 27 stones (quivered)
Armour
 d - a +0 robe (worn)
 v - a +0 robe
Jewellery
 n - a +4 ring of strength (left hand)
 o - an uncursed ring of ice
 r - a +2 ring of evasion (right hand)
 w - a +3 amulet of reflection (around neck)
Wands
 p - a wand of flame (25/48)
Scrolls
 b - 3 scrolls of teleportation
 l - a scroll of remove curse
Potions
 c - 2 potions of lignification
Comestibles
 f - a bread ration
 g - 2 fruits
 h - a meat ration
 u - a royal jelly


   Skills:
 + Level 5.7 Fighting
   Level 1.0 Short Blades
 + Level 2.2 Staves
 + Level 0.6(1.0) Slings
 + Level 1.2(1.3) Throwing
 + Level 0.8 Dodging
 + Level 1.3 Stealth
 + Level 1.0 Evocations


You had 3 spell levels left.
You didn't know any spells.

Dungeon Overview and Level Annotations

Branches:
Dungeon (3/15)

Altars:
Zin

Portals:
Sewer: D:3

Annotations:
D:3 Natasha


Message History

You start eating one of the 3 fruits.
You feel sick.
Mmm - a full handful of cherries!
You feel sick.
You see here a stone.
e - 27 stones (gained 1)
A kobold and an orc come into view.
Things that are here:
4 stones; a giant cockroach corpse x2
You feel sick.
The orc moves out of view.
Natasha, Servant of Life and Death comes into view.
Natasha hisses angrily.
A frilled lizard comes into view.
You feel sick.
The frilled lizard hisses angrily.
Natasha closely misses you.
There is a stone staircase leading up, spattered with blood here.
You see here an adder corpse.
You can't go down here!
Natasha claws you.
You die...

****** *,,,,* *** **#,,,,*
,,*********############..,,,,****
*,,,,,,,,,,,....(......,,,,,,**,,
*************#..#*...#***,,,,**,,
*######### ###..##.)#* *,,,,,,,,
≈≈≈≈≈(≈..# #†...@.(#* *******,,
≈≈∩(≈≈≈..###(#.h...# ***,,
≈(≈≈≈((...((†....### *****,,,,
*#######..)##..#l# *,,,,,*,,
,,,,.......#..##.# **,***,,,,
,,,........#(###.# *,,***,,,*
,,.........#.#*#.#******,***,,,,*
,,.........#(.......,,,,,**,,,,**
*,............##.#..,,,,,,,,,,**


You could see Natasha and a frilled lizard.

Vanquished Creatures
  2 adders (D:3)
  An ooze (D:1)
  2 dart slugs
  3 leopard geckos
  6 bats
  6 giant cockroaches
  5 goblins
  9 hobgoblins
  3 jackals (D:1)
  4 frilled lizards (D:1)
  2 kobolds (D:1)
  3 rats
46 creatures vanquished.

Notes
Turn   | Place    | Note
-------+----------+-------------------------------------------
     0 | D:1      | Aquagraph the Human Wanderer began the quest for the Orb.
     0 | D:1      | Aquagraph set off with: a +2 quarterstaff, a scroll of teleportation, a potion of lignification, a +0 robe, a bread ration
     0 | D:1      | Reached XP level 1. HP: 21/21 MP: 1/1
    30 | D:1      | Reached XP level 2. HP: 13/27 MP: 2/2
   325 | D:1      | Reached XP level 3. HP: 22/33 MP: 3/3
   726 | D:2      | Found Zin's Purification Station.
   727 | D:2      | Found a glowing silver altar of Zin.
   849 | D:2      | Reached XP level 4. HP: 40/40 MP: 4/4
   991 | D:2      | Became a worshipper of Zin the Law-Giver
   991 | D:2      | Reached * piety under Zin
   999 | D:2      | Bought a potion of curing for 90 gold pieces
  1006 | D:2      | Donated 9 gold pieces to Zin
  1070 | D:3      | Found a glowing drain.
  1127 | D:3      | Noticed Natasha
  1131 | D:3      | Slain by Natasha

Skill      XL: |  1  2  3  4 |
---------------+-------------+-----
Staves         | 2 |  2.2
Fighting       | |  5.7
Short Blades   | |  1.0
Slings         | |  0.6
Throwing       | |  1.2
Dodging        | |  0.8
Stealth        | |  1.3
Evocations     | |  1.0

Action                   |  1- 3 |  4- 6 || total
-------------------------+-------+-------++-------
Melee: Quarterstaff      |    69 |    16 ||    85
 Fire: Hunting sling     |     1 |    43 ||    44
Throw: Stone             |    38 |       ||    38
Invok: Donate Gold       |       |     1 ||     1
Evoke: Wand              |       |     2 ||     2
  Use: Scroll            |       |     4 ||     4
       Potion            |       |     1 ||     1
 Stab: Sleeping          |     2 |       ||     2
  Eat: Fruit             |       |     1 ||     1
Armor: Robe              |    15 |     5 ||    20
Dodge: Dodged            |    19 |    38 ||    57
Block: Other             |       |     8 ||     8
